 Dungeon Crawl Stone Soup version 0.25-a0-663-gace7076f2c (webtiles) character file.

Game seed: 17590068616023213977, levelgen mode: deterministic

3416 ReteAZ the Grappler (level 10, -1/83 HPs)
             Began as a Ghoul Fighter on Mar 25, 2020.
             Was an Initiate of Makhleb.
             Killed from afar by a battlesphere (8 damage)
             ... created by a deep elf mage
             ... in a bailey.
             The game lasted 00:08:38 (5210 turns).

ReteAZ the Grappler (Ghoul Fighter)                 Turns: 5210, Time: 00:08:39

Health: -1/83      AC:  9    Str: 21    XL:     10   Next: 5%
Magic:  9/9        EV:  8    Int:  6    God:    Makhleb [......]
Gold:   383        SH:  9    Dex:  8    Spells: 9/9 levels left

rFire    . . .     SeeInvis +     - Unarmed
rCold    + . .     Gourm    .   b - +0 kite shield
rNeg     + + +     Faith    .   a - +0 scale mail
rPois    ∞         Spirit   .   (no helmet)
rElec    .         Reflect  .   l - +0 cloak
rCorr    .         Harm     .   (no gloves)
MR       .....                  f - +0 pair of boots
Stlth    ..........             (no amulet)
HPRegen  0.00/turn              y - ring of see invisible
MPRegen  0.11/turn              (no ring)

@: rotting
A: rotting body, claws 1, carnivore, cold resistance 1, negative energy
resistance 3, inhibited regeneration, torment resistance, unbreathing
a: Renounce Religion


You were in a bailey.
You worshipped Makhleb.
Makhleb was noncommittal.
You were not hungry.

You visited 2 branches of the dungeon, and saw 8 of its levels.
You also visited: Sewer and Bailey.

You collected 419 gold pieces.
You spent 36 gold pieces at shops.

Inventory:

Missiles
 w - 33 poisoned darts (quivered)
Armour
 a - a +0 scale mail (worn)
 b - a +0 kite shield (worn)
 f - a +0 pair of boots (worn)
 l - a +0 cloak (worn)
Jewellery
 y - a ring of see invisible (left claw)
Wands
 p - a wand of random effects (31)
 x - a wand of flame (22)
Scrolls
 i - a scroll of fog
 j - 6 scrolls of remove curse
 k - 7 scrolls of identify {unknown}
 r - 2 scrolls of random uselessness
 u - a scroll of magic mapping
 B - a scroll of enchant weapon {unknown}
 C - a scroll of teleportation {unknown}
Potions
 c - a potion of might
 e - 2 potions of mutation {unknown}
 g - 3 potions of stabbing {unknown}
 h - 3 potions of lignification {unknown}
 n - 11 potions of curing
 s - a potion of berserk rage {unknown}
 t - a potion of degeneration {unknown}
 v - 3 potions of flight {unknown}
 z - 2 potions of magic {unknown}
 A - 3 potions of heal wounds {unknown}
Comestibles
 d - 10 rations


   Skills:
 * Level 5.9 Fighting
 * Level 4.9 Armour
 + Level 2.6 Dodging
 * Level 4.9 Shields
 - Level 12.0 Unarmed Combat


You had 9 spell levels left.
You didn't know any spells.
Your spell library contained the following spells:

 Spells                   Type           Power        Failure   Level  Hunger
 Pain                     Necr           #...         99%         1    ##.....


Dungeon Overview and Level Annotations

Branches:
Dungeon (7/15)             Temple (1/1) D:7           Sewer (visited)
 Bailey (1/1)

Altars:
Ashenzari
Cheibriados
Dithmenos
Fedhas
Gozag
Hepliaklqana
Kikubaaqudgha
Makhleb
Okawaru
Qazlal
Ru
Sif Muna
Trog
Uskayaw
Vehumet
Xom
Yredelemnul
Zin
The Shining One

Shops:
D:4 !

Annotations:
D:5 2 transporters


Innate Abilities, Weirdness & Mutations

Your body is rotting away.
You thrive on raw meat.
You are immune to poison.
You have sharp fingernails.
You are carnivorous and can eat meat at any time.
Your flesh is cold resistant. (rC+)
You are immune to negative energy. (rN+++)
You do not regenerate when monsters are visible.
You are immune to unholy pain and torment.
You can survive without breathing.


Message History

The deep elf mage gestures at you while chanting.
The lance of force hits you!!
* * * LOW HITPOINT WARNING * * *
You are knocked back by the lance of force.
You slam into the stone wall!
* * * LOW HITPOINT WARNING * * *
The battlesphere fires!
The deep elf mage mumbles some strange words.
The deep elf mage blinks!
The deep elf mage points at you and mumbles some strange words.
You block the lance of force.
The battlesphere fires!
The barrage of energy hits you.
* * * LOW HITPOINT WARNING * * *
The deep elf mage hits you but does no damage.
There is a gate leading back out of this place here.
The deep elf mage casts a spell at you. The magic dart hits you.
* * * LOW HITPOINT WARNING * * *
The battlesphere fires!
The barrage of energy hits you!
You die...

##...# #...##
#...e. .....#
#..... .....#
#..... EE...#
#....#e*..#
#####e#
##.§.*#....#
#....)#.....#
#.e@..#.....#
#.....#.....#
###...###...##
##..##'######.
#..).##...##
e.
#....#.....#
##..##..∩..#
######...##
#####


You could see 2 earth elementals, 3 deep elf magi and 2 battlespheres.

Vanquished Creatures
  3 deep elf magi (Bailey)
  A hippogriff (D:7)
  2 ice beasts
  2 phantoms (D:6)
  A big kobold (Sewer)
  A bullfrog (D:6)
  9 wights
  A centaur zombie (D:6)
  4 crimson imps
  2 hounds (D:4)
  4 orc priests
  A bullfrog skeleton (D:7)
  9 orc wizards
  Ijyb (D:4)
  5 worker ants
  A killer bee zombie (D:7)
  2 hound zombies
  18 adders
  4 river rats (D:5)
  A shadow imp (D:7)
  An ooze (D:4)
  An adder zombie (D:6)
  9 worms
  A dart slug (D:1)
  6 leopard geckos
  26 orcs
  2 ball pythons
  5 giant cockroaches
  10 goblins
  9 hobgoblins
  6 jackals
  5 kobolds
  A quokka (D:2)
  10 bats
  8 frilled lizards
  A quokka zombie (D:5)
  11 rats
184 creatures vanquished.

Vanquished Creatures (others)
  An orc wizard (D:6)
  An orc (D:6)
2 creatures vanquished.

Grand Total: 186 creatures vanquished

Notes
Turn   | Place    | Note
-------+----------+-------------------------------------------
     0 | D:1      | ReteAZ the Ghoul Fighter began the quest for the Orb.
     0 | D:1      | Reached XP level 1. HP: 19/19 MP: 0/0
    28 | D:1      | Reached XP level 2. HP: 23/26 MP: 1/1
    32 | D:1      | Reached skill level 3 in Unarmed Combat
   265 | D:1      | Reached XP level 3. HP: 20/31 MP: 2/2
   523 | D:2      | Reached skill level 4 in Unarmed Combat
   673 | D:2      | Reached XP level 4. HP: 36/38 MP: 3/3
   796 | D:2      | Reached skill level 5 in Unarmed Combat
   836 | D:2      | Found a shadowy altar of Dithmenos.
   983 | D:2      | Reached XP level 5. HP: 45/45 MP: 4/4
  1420 | D:3      | Found a hazy altar of Hepliaklqana.
  1546 | D:3      | Reached skill level 6 in Unarmed Combat
  1742 | D:3      | Found a blossoming altar of Fedhas.
  1982 | D:4      | Found Vahar's Distillery.
  1989 | D:4      | Bought a potion of curing for 36 gold pieces
  2018 | D:4      | Noticed Ijyb
  2026 | D:4      | Killed Ijyb
  2067 | D:4      | Reached XP level 6. HP: 32/50 MP: 5/5
  2256 | D:4      | Reached skill level 7 in Unarmed Combat
  2440 | D:5      | Entered Level 5 of the Dungeon
  2499 | D:5      | Found a hide-covered altar of Uskayaw.
  2631 | D:5      | Reached skill level 8 in Unarmed Combat
  2638 | D:5      | Found a glowing drain.
  2651 | D:5      | Reached XP level 7. HP: 57/57 MP: 6/6
  2664 | Sewer    | Entered a sewer
  2760 | Sewer    | Found a white marble altar of Elyvilon.
  2897 | D:5      | Found a transporter.
  2946 | D:5      | Found a transporter.
  3206 | D:6      | Reached skill level 9 in Unarmed Combat
  3452 | D:6      | Reached XP level 8. HP: 48/63 MP: 7/7
  3465 | D:6      | Reached skill level 10 in Unarmed Combat
  3937 | D:6      | Reached skill level 11 in Unarmed Combat
  4055 | D:6      | Found an ancient bone altar of Kikubaaqudgha.
  4055 | D:6      | Found a shimmering blue altar of Sif Muna.
  4293 | D:6      | Found a radiant altar of Vehumet.
  4312 | D:6      | Identified Kikubaaqudgha's Grimoire of Black Rituals
  4720 | D:7      | Reached skill level 12 in Unarmed Combat
  4720 | D:7      | Reached XP level 9. HP: 69/70 MP: 8/8
  4843 | D:7      | Found a staircase to the Ecumenical Temple.
  4871 | D:7      | Reached skill level 1 in Dodging
  4877 | D:7      | HP: 3/71 [wight/cursed -3 halberd (11)]
  4899 | Temple   | Entered the Ecumenical Temple
  4906 | Temple   | Became a worshipper of Makhleb the Destroyer
  4985 | D:7      | Found a flagged portal.
  4998 | Bailey   | Entered a bailey
  5116 | Bailey   | Noticed a deep elf mage
  5124 | Bailey   | Killed a deep elf mage
  5179 | Bailey   | Noticed a deep elf mage
  5180 | Bailey   | Noticed a deep elf mage
  5180 | Bailey   | Noticed a deep elf mage
  5180 | Bailey   | Noticed a deep elf mage
  5180 | Bailey   | Noticed a deep elf mage
  5180 | Bailey   | Noticed a deep elf mage
  5201 | Bailey   | Killed a deep elf mage
  5201 | Bailey   | Reached skill level 5 in Fighting
  5208 | Bailey   | Killed a deep elf mage
  5208 | Bailey   | Reached XP level 10. HP: 45/83 MP: 9/9
  5210 | Bailey   | Killed from afar by a battlesphere

Levels and vault maps discovered:
D:1:      dpeg_arrival_orchard, layout_basic
D:2:      layout_loops_cross, lemuel_coloured_pillars_altar
D:3:      layout_basic, old_standard_altar, fedhas_altar_fruit_tree,
          first_ration
D:4:      layout_cave_pools, serial_shops, shop, minmay_cupped, uniq_ijyb
D:5:      gammafunk_cloud_chamber, layout_cave_pools,
          nicolae_overflow_hidden_temple, lightli_sewer_entry_pipes
D:6:      layout_loops_corners, palyth_temple_overflow_mages,
          chequers_arboretum, wad_floor_pattern_untrapped
D:7:      layout_loops_ring, minmay_temple_entry_waves, enter_bailey_3
Temple:   nicolae_temple_no_exploring_needed
Bailey:   bailey_polearm_3, bailey

Skill      XL: |  1  2  3  4  5  6  7  8  9 |
---------------+----------------------------+-----
Unarmed Combat | 3 4 5 6 8 9 12 | 12.0
Armour         | 4 |  4.9
Shields        | 4 |  4.9
Fighting       | 5 |  5.9
Dodging        | 2 |  2.6

Action                   |  1- 3 |  4- 6 |  7- 9 | 10-12 || total
-------------------------+-------+-------+-------+-------++-------
Melee: Unarmed           |   112 |   251 |   381 |       ||   744
  Use: Scroll            |       |       |     7 |       ||     7
  Eat: Chunk             |     4 |    19 |    45 |       ||    68
Armor: Scale mail        |    70 |    81 |   123 |       ||   274
Dodge: Dodged            |    46 |    57 |    86 |       ||   189
Block: Kite shield       |    70 |    95 |   113 |     1 ||   279

Table legend:
 A = Non-vault XP
 B = Vault XP
 C = Vault XP percentage of total XP
 D = Non-vault monster count
 E = Vault monster count
 F = Vault count percentage of total count
                 A         B        C        D         E       F
            +---------+---------+-------+---------+---------+-------
      Total |    2638 |    2242 |  45.9 |     150 |      35 |  18.9
            +---------+---------+-------+---------+---------+-------
        D:1 |      42 |       0 |   0.0 |      26 |       0 |   0.0
        D:2 |     132 |       0 |   0.0 |      29 |       0 |   0.0
        D:3 |      62 |       0 |   0.0 |      11 |       0 |   0.0
        D:4 |     112 |     123 |  52.3 |      12 |       3 |  20.0
        D:5 |     142 |     173 |  54.9 |       7 |      14 |  66.7
        D:6 |    1148 |     153 |  11.8 |      45 |       4 |   8.2
        D:7 |    1000 |       7 |   0.7 |      20 |       4 |  16.7
      Sewer |       0 |     101 | 100.0 |       0 |       7 | 100.0
     Bailey |       0 |    1685 | 100.0 |       0 |       3 | 100.0
            +---------+---------+-------+---------+---------+-------
